 Dungeon Crawl Stone Soup version 0.30-a0-329-g85436e0a43 (webtiles) character file.

Game seed: 15791222999619623296

243 koil the Grave Robber (level 5, -6/30 HPs)
             Began as a Deep Elf Necromancer on Oct 28, 2022.
             Killed from afar by a white imp (10 damage)
             ... with a puff of frost
             ... on level 6 of the Dungeon.
             The game lasted 00:10:16 (2590 turns).

koil the Grave Robber (Deep Elf Necromancer)        Turns: 2590, Time: 00:10:17

Health: -6/30      AC:  3    Str:  5    XL:     5   Next: 82%
Magic:  8/13       EV: 17    Int: 22    God:
Gold:   104        SH:  0    Dex: 15    Spells: 4/13 levels left

rFire   . . .      SeeInvis .    a - +0 short sword
rCold   . . .      Faith    .    (no shield)
rNeg    . . .      Spirit   .    f - +0 robe
rPois   .          Reflect  .    (no helmet)
rElec   .          Harm     .    (no cloak)
rCorr   .          Rampage  .    (no gloves)
Will    .....                    e - +0 pair of boots
Stlth   +++.......               (no amulet)
HPRegen 0.25/turn                c - +4 ring of evasion
MPRegen 0.13/turn                (no ring)

@: no status effects
A: no striking features
a: no special abilities


You were on level 6 of the Dungeon.
You visited 1 branch of the dungeon, and saw 4 of its levels.

You collected 104 gold pieces.

Inventory:

Hand Weapons
 a - a +0 short sword (weapon)
Missiles
 g - 4 poisoned darts
Armour
 e - a +0 pair of boots (worn)
 f - a +0 robe (worn)
Jewellery
 c - a +4 ring of evasion (left hand)
 k - a ring of ice
 l - a ring of fire
Scrolls
 d - a scroll of enchant armour {unknown}
 i - 3 scrolls of teleportation {unknown}
 j - a scroll of identify {unknown}
 m - a scroll of amnesia {unknown}
 o - a scroll of brand weapon {unknown}
Potions
 b - a potion of magic
 h - a potion of degeneration {unknown}
 n - a potion of invisibility {unknown}


   Skills:
 + Level 1.8 Fighting
 + Level 3.9 Dodging
 + Level 4.2 Stealth
 + Level 4.5 Spellcasting
 + Level 5.8 Necromancy


You had 4 spell levels left.
You knew the following spells:

 Your Spells              Type           Power      Damage    Failure   Level
a - Necrotise             Necr           100%       1d9       1%          1
b - Vampiric Draining     Necr           30%        2d8       3%          3
c - Dazzling Flash        Conj/Hex       8%         N/A       32%         3
d - Ensorcelled Hibernat  Hex/Ice        8%         N/A       16%         2

Your spell library contained the following spells:

 Spells                   Type           Power      Damage    Failure   Level
 Animate Dead             Necr           30%        N/A       10%         4
 Spider Form              Tmut/Pois      4%         N/A       32%         3
 Anguish                  Hex/Necr       8%         N/A       32%         4
 Agony                    Necr           30%        N/A       26%         5
 Silence                  Hex/Air        2%         N/A       96%         5


Dungeon Overview and Level Annotations

Branches:
Dungeon (3/15)

Altars:
Ashenzari
Cheibriados
Dithmenos
Kikubaaqudgha
Okawaru

Shops:
D:1 (


Message History

You enter a teleport trap!
The teleport trap disappears.
Your surroundings seem slightly different.
The hound closely misses you. The orc attacks as you move away!
The orc completely misses you. The orc attacks as you move away!
The orc misses you. The hound misses you. The hound attacks as you move away!
The hound misses you. The orc attacks as you move away!
The orc closely misses you. The hound completely misses you.
The hound attacks as you move away! The hound bites you.
The hound attacks as you move away! The hound barely misses you.
The hound bites you.
Really walk into that teleport trap?
You enter a teleport trap!
The teleport trap disappears.
Your surroundings suddenly seem different.
A worm and 2 orcs come into view.
Found a fizzy silvery potion and a blackened glass wand.
Found a snail-covered altar of Cheibriados.
The orc shouts! x2
An orc comes into view. It is wielding a +0 club.
Found a stone staircase leading up.
Found 6 gold pieces.
An ogre and an orc come into view.
Found 7 gold pieces.
A white imp comes into view.
The white imp shouts, "Scamper home, thou simpering motley-minded surfacer!"
An iguana comes into view.
The white imp puffs mist at you.
Found a scroll labelled WUDO CASANO.
The white imp gestures at you. The puff of frost hits you!
* * * LOW HITPOINT WARNING * * *
Unknown command.
The orc shouts!
The iguana hisses angrily.
A scorpion comes into view.
Found a sling.
Found a red potion.
Found a stone staircase leading up.
A scorpion comes into view.
The white imp gestures at you. The puff of frost hits you!
You die...

... ...#..... #.....!..
...#
.8##....#######....../.
....
####.....).....#..o.....
.... !........##
#.......... ....
..........######........
....
....#.......o.o..#.....#
....
............#########...
.... <.............# .#.
..## .......@......# #.
.... ...............#
#.=. .......$o5...#l.. #
. .......Os......... #
...........$.###.## #
...?........... .. ^.
....##.....#### #.. ...s
###...# #.##


You could see an ogre (wandering), 2 scorpions, an iguana, a white imp and 3
orcs.

Vanquished Creatures
  An ice beast (D:6)
  A hound (D:6)
  An orc wizard (D:3)
  2 adders (D:2)
  A worm (D:2)
  A dart slug (D:1)
  7 orcs (D:3)
  4 ball pythons
  5 bats
  6 endoplasms
  2 giant cockroaches (D:1)
  5 hobgoblins
  3 jackals (D:3)
  3 kobolds
  3 quokkas (D:1)
  5 frilled lizards
  5 goblins
  8 rats
63 creatures vanquished.

Vanquished Creatures (collateral kills)
  A dart slug (D:3)
  An orc (D:3)
2 creatures vanquished.

Grand Total: 65 creatures vanquished

Notes
Turn   | Place    | Note
-------+----------+-------------------------------------------
     0 | D:1      | koil the Deep Elf Necromancer began the quest for the Orb.
     0 | D:1      | Reached XP level 1. HP: 10/10 MP: 6/6
   348 | D:1      | Reached XP level 2. HP: 15/15 MP: 6/8
   402 | D:1      | Found Focaruos's Antique Weapon Boutique.
   464 | D:1      | Reached skill level 5 in Necromancy
  1241 | D:2      | Reached XP level 3. HP: 15/20 MP: 7/10
  1245 | D:2      | Learned a level 3 spell: Vampiric Draining
  1280 | D:2      | Found an iron altar of Okawaru.
  1306 | D:2      | Learned a level 3 spell: Dazzling Flash
  1383 | D:2      | Learned a level 2 spell: Ensorcelled Hibernation
  1484 | D:2      | Reached skill level 1 in Fighting
  1893 | D:2      | Found a faded altar of an unknown god.
  2133 | D:3      | Reached XP level 4. HP: 25/25 MP: 8/11
  2219 | D:3      | Found a broken altar of Ashenzari.
  2221 | D:3      | Found a shadowy altar of Dithmenos.
  2511 | D:3      | You fall into a shaft and drop 3 floors!
  2516 | D:6      | Noticed an ice beast
  2525 | D:6      | Killed an ice beast
  2526 | D:6      | Reached XP level 5. HP: 30/30 MP: 5/13
  2551 | D:6      | Noticed a black bear
  2564 | D:6      | Found an ancient bone altar of Kikubaaqudgha.
  2574 | D:6      | Found a snail-covered altar of Cheibriados.
  2585 | D:6      | Noticed an ogre
  2590 | D:6      | Killed from afar by a white imp

Illustrated notes

Levels and vault maps discovered:
D:1:      amcnicky_arrival_abandoned_market, layout_basic, serial_shops,
          nicolae_lakefront_shop
D:2:      layout_loops_ring, ebering_ecumenical_altar_petrified, basic_altar
D:3:      layout_rooms, marbit_many_paths,
          chequers_temple_overflow_statue_of_worship
D:6:      layout_rooms, slow_altar_1, lemuel_tele_altar, gammafunk_ghost_arena,
          enter_ossuary_2, minmay_checkerbox

Skill      XL: |  1  2  3  4 |
---------------+-------------+-----
Necromancy     | 5 |  5.8
Stealth        | 3 4 |  4.2
Dodging        | 3 |  3.9
Fighting       | 1 |  1.8
Spellcasting   | 4 |  4.5

Action                   |  1- 3 |  4- 6 || total
-------------------------+-------+-------++-------
Melee: Short sword       |    46 |       ||    46
 Cast: Necrotise         |    60 |    41 ||   101
 Stab: Sleeping          |     8 |       ||     8
Armor: Robe              |     3 |       ||     3
Dodge: Dodged            |    44 |    55 ||    99

Table legend: (Time is in decaauts)
 A = Elapsed time spent in this place.
 B = Non-inter-level travel time spent in this place.
 C = Inter-level travel time spent in this place.
 D = Time resting spent in this place.
 E = Time spent auto-exploring this place.
 F = Levels seen in this place.
 G = Mean time per level.
                   A        B        C        D        E       F      G
               +--------+--------+--------+--------+--------+-----+--------+
         Total |   2588 |   2546 |     42 |     36 |   1974 |   4 |  647.0 |
       Dungeon |   2588 |   2546 |     42 |     36 |   1974 |   4 |  647.0 |
               +--------+--------+--------+--------+--------+-----+--------+

Top non-repeatable levels by time:
     D:1: 1078 daAuts
     D:2: 1010 daAuts
     D:3: 420 daAuts
     D:6: 78 daAuts
